 Dungeon Crawl Stone Soup version 0.29-a0-234-g0dae59b3db (webtiles) character file.

Game seed: 8333207417876549065

3 Aksej the Skirmisher (level 1, -1/18 HPs)
             Began as a Demonspawn Monk on Mar 2, 2022.
             Slain by a quokka (2 damage)
             ... on level 1 of the Dungeon.
             The game lasted 00:00:23 (314 turns).

Aksej the Skirmisher (Demonspawn Monk)               Turns: 314, Time: 00:00:24

Health: -1/18      AC:  2    Str: 11    XL:     1   Next: 41%
Magic:  1/1        EV: 13    Int: 11    God:
Gold:   18         SH:  0    Dex: 15    Spells: 0/0 levels left

rFire   . . .      SeeInvis .   a - +0 mace
rCold   . . .      Faith    .   (no shield)
rNeg    . . .      Spirit   .   b - +0 robe
rPois   .          Reflect  .   (no helmet)
rElec   .          Harm     .   (no cloak)
rCorr   .          Rampage  .   (no gloves)
Will    .....                   (no boots)
Stlth   ++........              (no amulet)
HPRegen 0.06/turn               (no ring)
MPRegen 0.07/turn               (no ring)

@: no status effects
A: no striking features
a: no special abilities


You were on level 1 of the Dungeon.
You visited 1 branch of the dungeon, and saw 1 of its levels.

You collected 18 gold pieces.

Inventory:

Hand Weapons
 a - a +0 mace (weapon)
Armour
 b - a +0 robe (worn)
Potions
 c - a potion of brilliance {unknown}


   Skills:
 * Level 3.1 Fighting
 + Level 2.7 Maces & Flails
 + Level 2.8 Dodging
 + Level 1.7 Stealth


You couldn't memorise any spells.
You didn't know any spells.
Your spell library was empty.

Dungeon Overview and Level Annotations

Branches:
Dungeon (1/15)

Altars:


Message History

A kobold comes into view. It is wielding a +0 dagger.
The kobold shouts! x2; You hear an angry hiss.
A ball python comes into view.
You hit the kobold but do no damage. The kobold barely misses you.
The kobold throws a stone.
The stone hits you but does no damage. The kobold closely misses you.
A quokka comes into view.
The kobold throws a stone.
The stone hits you.
You closely miss the kobold. The kobold hits you with a +0 dagger.
You hit the kobold.
The kobold is severely wounded.
The kobold hits you but does no damage.
You closely miss the kobold.
The kobold is severely wounded.
The kobold completely misses you. The kobold misses you.
You hit the kobold.
You kill the kobold!
The ball python barely misses you. The ball python grabs you.
The ball python constricts you.
You barely miss the ball python. The ball python bites you.
The ball python constricts you. The kobold barely misses you.
You escape the ball python's grasp.
The quokka bites you. The quokka closely misses you.
The kobold throws a stone.
The stone hits you. The quokka closely misses you.
The quokka twitches its whiskers.
You barely miss the quokka. The quokka bites you. The quokka barely misses you.
You closely miss the quokka. The quokka bites you.
* * * LOW HITPOINT WARNING * * *
You closely miss the quokka.
The quokka bites you but does no damage.
The quokka closely misses you.
You hit the quokka.
The quokka is lightly wounded.
The quokka bites you.
* * * LOW HITPOINT WARNING * * *
You miss the quokka.
The quokka is lightly wounded.
The quokka bites you.
You die...

####....†..†...
#.......##....#
#.###..##...### #.#
####....# #.# ##...###
#.####...## #.......##
###########....._⌠# ###
#.......@rSK......## ..##
#.##############...##....
#.# ##...#.... #.#
##...).# #.# ##$..... #.#
##..... #.# ...... #.#
######### ......
#.#####........ ...$...


You could see a quokka, a ball python and a kobold.

Vanquished Creatures
  A giant cockroach (D:1)
  A ball python (D:1)
  A kobold (D:1)
  A rat (D:1)
4 creatures vanquished.

Vanquished Creatures (others)
  5 toadstools (D:1)
5 creatures vanquished.

Grand Total: 9 creatures vanquished

Notes
Turn   | Place    | Note
-------+----------+-------------------------------------------
     0 | D:1      | Aksej the Demonspawn Monk began the quest for the Orb.
     0 | D:1      | Reached XP level 1. HP: 18/18 MP: 1/1
   210 | D:1      | Found a faded altar of an unknown god.
   314 | D:1      | Slain by a quokka

Illustrated notes

Levels and vault maps discovered:
D:1:      ldierk_walled_garden, layout_rooms,
          hellmonk_ecumenical_altar_crossroads, serial_shops,
          nicolae_shop_stone, minmay_large_rounded_square

Action                   || total
-------------------------++-------
Melee: Mace              ||    23
 Stab: Sleeping          ||     1
Armor: Robe              ||     5
Dodge: Dodged            ||    18

Table legend: (Time is in decaauts)
 A = Elapsed time spent in this place.
 B = Non-inter-level travel time spent in this place.
 C = Inter-level travel time spent in this place.
 D = Time resting spent in this place.
 E = Time spent auto-exploring this place.
 F = Levels seen in this place.
 G = Mean time per level.
                   A        B        C        D        E       F      G
               +--------+--------+--------+--------+--------+-----+--------+
         Total |    320 |    320 |      0 |      0 |    260 |   1 |  320.0 |
       Dungeon |    320 |    320 |      0 |      0 |    260 |   1 |  320.0 |
               +--------+--------+--------+--------+--------+-----+--------+

Top non-repeatable levels by time:
     D:1: 320 daAuts
